 Dungeon Crawl Stone Soup version 0.19-a0-994-g3c636f0 (webtiles) character file.

10307 4thArraOfDagon the Grappler (level 11, -2/107 HPs)
             Began as a Troll Air Elementalist on July 15, 2016.
             Was an Elder of Cheibriados.
             Slain by an ogre
             ... wielding a +0 giant club
              (16 damage)
             ... while paralysed by an orc sorcerer
             ... on level 2 of the Orcish Mines.
             The game lasted 00:18:58 (3182 turns).

4thArraOfDagon the Grappler (TrAE)                  Turns: 3182, Time: 00:18:59

Health: -2/107     AC:  6    Str: 27    XL:     11   Next: 34%
Magic:  12/15      EV:  1    Int: 23    God:    Cheibriados [****..]
Gold:   379        SH:  0    Dex: 19    Spells: 2 memorised, 9 levels left

rFire  . . .     SeeInvis .       - Unarmed
rCold  . . .     Gourm    +     a - +0 robe
rNeg   . . .     Faith    .     (no shield)
rPois  .         Spirit   .     G - +1 hat
rElec  .         Dismiss  .     (no cloak)
rCorr  .         Reflect  .     (gloves unavailable)
SustAt .         Harm     .     (boots unavailable)
MR     .....                    (no amulet)
Stlth  ++........               (no ring)
                                (no ring)

@: paralysed, repel missiles, drained, very slow, not resistant to hostile
enchantments, unstealthy
A: unfitting armour, claws 3, hooves 1, fast metabolism 3, gourmand,
regeneration 2, screaming 1, shaggy fur 1, tough skin 2, no device heal 1
a: Bend Time, Temporal Distortion, Slouch, Renounce Religion


You were on level 2 of the Orcish Mines.
You worshipped Cheibriados.
Cheibriados was greatly pleased with you.
You were very full.

You visited 2 branches of the dungeon, and saw 14 of its levels.

You collected 496 gold pieces.
You spent 117 gold pieces at shops.

Inventory:

Hand Weapons
 r - a +0 giant spiked club
Missiles
 l - a throwing net
 s - 5 steel javelins
 t - 2 large rocks (quivered)
 E - 2 tomahawks of dispersal
Armour
 a - a +0 robe (worn)
 G - a +1 hat (worn)
Wands
 g - a wand of slowing (14/48)
 k - a wand of acid (0/15)
 n - a wand of disintegration (8/24)
 y - a wand of acid (1/15)
 D - a wand of flame (14/48)
Scrolls
 m - 2 scrolls of enchant armour {unknown}
 p - 3 scrolls of teleportation {unknown}
 u - a scroll of immolation
 x - 4 scrolls of recharging {unknown}
Potions
 e - 2 potions of berserk rage
 f - a potion of lignification
 h - 7 potions of curing {unknown}
 i - a potion of haste {unknown}
 j - a potion of might
 o - a potion of cancellation {unknown}
 q - 2 potions of flight {unknown}
 v - a potion of degeneration {unknown}
 z - 2 potions of resistance
 A - 2 potions of brilliance
 F - a potion of invisibility {unknown}
Books
 b - a book of Air

   Spells                             Type                      Level
   a - Shock                          Conjuration/Air              1
   b - Swiftness                      Charms/Air                   2
   c - Repel Missiles                 Charms/Air                   2
   d - Static Discharge               Conjuration/Air              3
   e - Lightning Bolt                 Conjuration/Air              5
Comestibles
 c - 4 bread rations
 w - 3 meat rations


   Skills:
 + Level 6.4(5.7) Fighting
 + Level 6.8(6.2) Dodging
 - Level 1.1(0.5) Stealth
 * Level 11.6(10.8) Unarmed Combat
 - Level 1.2(0.6) Spellcasting
 - Level 0.6(0.0) Conjurations
 - Level 2.0(1.4) Air Magic
 + Level 7.0(6.3) Invocations


You had 9 spell levels left.
You knew the following spells:

 Your Spells              Type           Power        Failure   Level  Hunger
a - Shock                 Conj/Air       #...         14%         1    ##.....
b - Repel Missiles        Chrm/Air       #.....       21%         2    ###....


Dungeon Overview and Level Annotations

Branches:
Dungeon (12/15)              Lair (0/6) D:11            Orc (2/2) D:10
    Elf (0/3) Orc:2
 Temple: D:4-7

Altars:
Cheibriados
Nemelex Xobeh
Vehumet

Shops:
D:9 *

Annotations:
D:4 Charly's ghost, weakling MiBe
D:11 exclusion: downstairs
D:12 Duffy's ghost, journeyman FoWn


Innate Abilities, Weirdness & Mutations

You are too large for most types of armour.
You have claws for hands.
Your metabolism is lightning-fast.
You like to eat raw meat.
You heal very quickly.
You are covered in fur. (AC +1)
You have very tough skin. (AC +2)
You have large cloven feet.
You occasionally shout uncontrollably at your foes.
Potions and wands are less effective at restoring your health.


Message History

Found 32 gold pieces.
There is a stone staircase leading up here.
Unknown command.
Unknown command.
Unknown command.
You barely miss the ogre. Your kick misses the ogre.
The orc sorcerer gestures at you while chanting.
You suddenly lose the ability to move!
The ogre hits you with a giant club! The ogre hits you with a giant club!
An orc comes into view. It is wielding a hand axe.
The orc sorcerer gestures at you while chanting.
Helpless, you fail to dodge the bolt of negative energy.
You feel drained.
* * * LOW HITPOINT WARNING * * *
The ogre hits you with a giant club!
* * * LOW HITPOINT WARNING * * *
The orange demon stings you from afar.
* * * LOW HITPOINT WARNING * * *
The ogre hits you with a giant club!
You die...

..... #.##
..P.. #...##.
.o..###......
....#.....##
#.........#. .
#....4.....
....#..o.......
.......@.......
......O........
..........#....
.........## ...
..$....... .
......$...#
....#......
.#.###......


You could see an orange demon, an orc sorcerer, an ogre and an orc.

Vanquished Creatures
  The ghost of Duffy the Carver, a journeyman TeMo of Cheibriados (D:11)
  A hill giant (D:11)
  An orc knight (Orc:1)
  2 orc sorcerers
  An ugly thing (D:11)
  A gargoyle (D:10)
  A centaur skeleton (D:11)
  A troll (D:9)
  10 yaks
  2 wyverns
  A hungry ghost (D:11)
  A water moccasin (D:9)
  A warg (Orc:2)
  14 orc warriors
  2 phantoms
  A black bear (D:6)
  2 ice beasts
  2 sky beasts
  5 ogres
  A centaur (D:9)
  Blork the orc (D:4)
  3 big kobolds
  A wyvern zombie (D:7)
  2 giant frogs
  12 killer bees
  2 wights (D:11)
  A howler monkey (D:4)
  4 crimson imps
  A giant frog zombie (D:11)
  2 centaur zombies
  3 hounds
  5 orc priests
  4 giant frog skeletons
  Terence (D:3)
  An iguana (D:4)
  9 orc wizards
  4 worker ants
  A hound zombie (D:9)
  A worker ant zombie (D:11)
  A gnoll (D:3)
  A river rat (D:11)
  6 adders
  4 shadow imps
  An ooze (D:3)
  2 worms
  2 dart slugs
  3 giant geckos
  37 orcs
  11 bats
  6 giant cockroaches
  4 goblins
  10 hobgoblins
  6 jackals
  14 kobolds
  2 quokkas
  A giant newt (D:3)
  A quokka zombie (D:8)
  13 rats
234 creatures vanquished.

Vanquished Creatures (others)
  A fungus (D:11)
  A plant (D:11)
2 creatures vanquished.

Grand Total: 236 creatures vanquished

Notes
Turn   | Place    | Note
-------+----------+-------------------------------------------
     0 | D:1      | 4thArraOfDagon the Troll Air Elementalist began the quest for the Orb.
     0 | D:1      | Reached XP level 1. HP: 16/16 MP: 1/1
    65 | D:1      | Reached skill level 1 in Unarmed Combat
    95 | D:1      | Reached XP level 2. HP: 24/24 MP: 2/2
   113 | D:1      | timbw: troll rc
   128 | D:2      | Reached skill level 2 in Unarmed Combat
   193 | D:3      | Found a snail-covered altar of Cheibriados.
   194 | D:3      | timbw: that tile would look scary as hell with a gsc
   202 | D:3      | Reached XP level 3. HP: 23/31 MP: 3/3
   208 | D:3      | arkorax: oh god
   209 | D:3      | Became a worshipper of Cheibriados the Contemplative
   219 | D:3      | 4thArraOfDagon: LD
   223 | D:3      | Noticed Terence
   270 | D:3      | Killed Terence
   270 | D:3      | Reached skill level 3 in Unarmed Combat
   300 | D:3      | Learned a level 2 spell: Repel Missiles
   320 | D:3      | Reached XP level 4. HP: 34/39 MP: 0/4
   430 | D:4      | Noticed Charly's ghost (weakling MiBe)
   431 | D:4      | arkorax: does the troll tile have a giant ass squidward nose?
   567 | D:2      | Reached skill level 4 in Unarmed Combat
   568 | D:2      | Reached * piety under Cheibriados
   726 | D:4      | Reached XP level 5. HP: 46/46 MP: 5/5
   737 | D:4      | Reached skill level 1 in Fighting
   737 | D:4      | Reached skill level 1 in Invocations
   743 | D:5      | Entered Level 5 of the Dungeon
   921 | D:4      | Noticed an ogre
   930 | D:4      | Killed an ogre
   930 | D:4      | Reached skill level 5 in Unarmed Combat
   930 | D:4      | Reached XP level 6. HP: 23/55 MP: 6/6
  1002 | D:4      | Noticed Blork the orc
  1016 | D:4      | Killed Blork the orc
  1016 | D:4      | Reached XP level 7. HP: 35/65 MP: 7/7
  1077 | D:5      | Found a sparkling altar of Nemelex Xobeh.
  1257 | D:7      | Gained mutation: Potions and wands are less effective at restoring your health. [mutagenic meat]
  1323 | D:8      | Reached skill level 6 in Unarmed Combat
  1329 | D:8      | Reached ** piety under Cheibriados
  1475 | D:9      | Reached XP level 8. HP: 64/74 MP: 9/9
  1578 | D:8      | Reached skill level 7 in Unarmed Combat
  1715 | D:8      | Reached *** piety under Cheibriados
  1849 | D:7      | Found a radiant altar of Vehumet.
  1894 | D:8      | Reached skill level 8 in Unarmed Combat
  1894 | D:8      | Reached XP level 9. HP: 64/84 MP: 11/11
  1948 | D:9      | Noticed a troll
  1956 | D:9      | Killed a troll
  1981 | D:9      | Found Pocwathy's Assorted Antiques.
  1996 | D:9      | Bought 2 blue potions for 45 gold pieces
  1996 | D:9      | Bought a smoky brown potion for 22 gold pieces
  1996 | D:9      | Bought a scroll labeled ZAUSYDGHEZON for 25 gold pieces
  1996 | D:9      | Bought a scroll labeled ROSHRE WUOKHOV for 25 gold pieces
  2090 | D:9      | Reached skill level 5 in Dodging
  2091 | D:9      | Reached skill level 9 in Unarmed Combat
  2096 | D:9      | Reached **** piety under Cheibriados
  2118 | D:9      | Reached skill level 5 in Invocations
  2268 | D:10     | Entered Level 10 of the Dungeon
  2282 | D:10     | Noticed a gargoyle
  2293 | D:10     | Killed a gargoyle
  2293 | D:10     | Reached skill level 5 in Fighting
  2293 | D:10     | Reached XP level 10. HP: 65/96 MP: 12/12
  2425 | D:11     | Reached skill level 10 in Unarmed Combat
  2439 | D:11     | Noticed a hill giant
  2449 | D:11     | Killed a hill giant
  2501 | D:11     | Found a frozen archway.
  2510 | D:11     | Noticed Duffy's ghost (journeyman TeMo)
  2535 | D:11     | Killed Duffy's ghost
  2612 | D:12     | Noticed Duffy's ghost (journeyman FoWn)
  2643 | D:11     | Noticed a cyan ugly thing
  2652 | D:11     | Killed a cyan ugly thing
  2659 | D:11     | Gained mutation: You have large cloven feet. [mutagenic meat]
  2665 | D:11     | Gained mutation: You occasionally shout uncontrollably at your foes. [mutagenic meat]
  2740 | D:10     | Reached skill level 11 in Unarmed Combat
  2801 | D:10     | Found a staircase to the Orcish Mines.
  2809 | Orc:1    | Entered Level 1 of the Orcish Mines
  2809 | Orc:1    | Noticed an orc sorcerer
  2810 | Orc:1    | Killed an orc sorcerer
  2810 | Orc:1    | Reached XP level 11. HP: 103/105 MP: 14/14
  3096 | Orc:2    | Entered Level 2 of the Orcish Mines
  3096 | Orc:2    | Found a staircase to the Elven Halls.
  3135 | Orc:2    | arkorax: why chei tho?
  3137 | Orc:2    | Noticed an orc knight
  3138 | Orc:2    | Noticed an orc sorcerer
  3139 | Orc:2    | Noticed an orc warlord
  3141 | Orc:2    | Noticed a sun demon
  3143 | Orc:2    | Killed an orc sorcerer
  3144 | Orc:2    | Noticed an orc sorcerer
  3149 | Orc:1    | Killed an orc knight
  3156 | Orc:1    | MordorOrchid: that's why
  3175 | Orc:2    | Noticed an orc sorcerer
  3178 | Orc:2    | Paralysed by an orc sorcerer for 4 turns
  3182 | Orc:2    | Slain by an ogre

Vault maps used:
D:1:      enne_arrival_octagon_isle, minmay_misc_feat_roman, serial_bayou_lake_a
D:2:      nicolae_gozag_seed_capital, lemuel_blue_sif_altar
D:3:      cheibriados_altar_wand_db, uniq_terence
D:4:      nemelex_xobeh_ov_fountains_minmay, serial_shops, shop, first_bread,
          hangedman_feature_mirror, due_unseen_surprise, uniq_blork_the_orc
D:5:      kennysheep_steamy, basic_altar, lexackson_kobold_supper,
          uniq_prince_ribbit1
D:6:      hangedman_decor_peaks_small, dk_yredelemnul_ordeal
D:7:      nicolae_overflow_crystal_walls, xom_teletrap_fun, fountainhead
D:8:      lemuel_zombie_altar_kikubaaqudgha
D:9:      serial_shops, shop_fountains
D:10:     hiddenorc1_lemuel
D:11:     grunt_lair_entry_orc_guard_hut, portal_ice_cave_entry_pillars_1
D:12:     minmay_misc_feat_room, uniq_snorg
Orc:1:    basic_altar, minmay_orc_keep
Orc:2:    grunt_orc_gardens, grunt_orc_garden, grunt_orc_garden,
          grunt_orc_garden, grunt_orc_garden, serial_shops,
          nicolae_shop_crystal, uniq_nessos

Skill      XL: |  1  2  3  4  5  6  7  8  9 10 11 |
---------------+----------------------------------+-----
Unarmed Combat | 1 2 3 4 5 6 8 9 11 | 11.6
Fighting       | 1 2 3 5 6 |  6.4
Invocations    | 1 2 3 4 5 6 7 |  7.0
Dodging        | 2 3 4 5 6 |  6.8
Stealth        | |  1.1
Spellcasting   | |  1.2
Conjurations   | |  0.6
Air Magic      | |  2.0

Action                   |  1- 3 |  4- 6 |  7- 9 | 10-12 || total
-------------------------+-------+-------+-------+-------++-------
Melee: Unarmed           |    61 |   122 |   212 |   203 ||   598
       Punch             |     2 |     3 |     9 |    12 ||    26
       Kick              |       |       |       |    53 ||    53
Throw: Javelin           |       |     2 |     5 |       ||     7
       Large rock        |       |       |    10 |     5 ||    15
 Cast: Repel Missiles    |     1 |       |     3 |       ||     4
Invok: Bend Time         |       |       |     2 |     2 ||     4
       Slouch            |       |       |       |     6 ||     6
Evoke: Wand              |       |     3 |    11 |     5 ||    19
  Use: Potion            |     1 |       |       |       ||     1
       Scroll            |       |     1 |     3 |     6 ||    10
 Stab: Sleeping          |     1 |     1 |     2 |     1 ||     5
       Distracted        |       |       |     1 |       ||     1
  Eat: Chunk             |     8 |     4 |     9 |     9 ||    30
       Beef jerky        |       |       |     1 |       ||     1
Armor: Robe              |    42 |    31 |    47 |    30 ||   150
Dodge: Dodged            |    49 |    58 |   100 |   141 ||   348
       Deflected         |       |     4 |     3 |       ||     7
